 Dungeon Crawl Stone Soup version 0.18.1-6-gd335043 (webtiles) character file.

180 lightmor the Insei (level 5, -5/27 HPs)
             Began as a Vine Stalker Monk on May 18, 2016.
             Was a Believer of Zin.
             Killed by divine providence
             ... invoked by an orc priest
              (14 damage)
             ... on level 3 of the Dungeon.
             The game lasted 00:11:37 (2066 turns).

lightmor the Insei (Vine Stalker Monk)              Turns: 2066, Time: 00:11:37

Health: -5/27      AC:  2    Str: 15    XL:     5   Next: 60%
Magic:  0/6        EV: 12    Int: 10    God:    Zin [**....]
Gold:   97         SH:  4    Dex: 16    Spells: 0 memorised, 4 levels left

rFire  . . .     SeeInvis .       - Unarmed
rCold  . . .     Gourm    .     a - +0 robe
rNeg   . . .     Faith    .     u - +0 buckler
rPois  +         Spirit   +     (no helmet)
rElec  .         Dismiss  .     (no cloak)
rCorr  .         Reflect  .     (no gloves)
SustAt .         Harm     .     (no boots)
MR     .....                    (no amulet)
Stlth  ++........               (no ring)
                                c - ring of poison resistance

@: drained, not resistant to hostile enchantments, unstealthy
A: fangs 2, regeneration 1, magic shield, antimagic bite, no device heal 3, rot
immunity
a: Recite, Vitalisation, Donate Gold, Renounce Religion


You were on level 3 of the Dungeon.
You worshipped Zin.
Zin was pleased with you.
You were not hungry.

You visited 1 branch of the dungeon, and saw 3 of its levels.

You collected 107 gold pieces.
You donated 10 gold pieces to Zin.

Inventory:

Armour
 a - a +0 robe (worn)
 u - a +0 buckler (worn)
Jewellery
 c - a ring of poison resistance (left hand)
Scrolls
 d - a scroll of recharging {unknown}
 e - 2 scrolls of enchant weapon {unknown}
 h - a scroll of identify
 j - 2 scrolls of remove curse {unknown}
 p - 2 scrolls of teleportation {unknown}
 r - a scroll of immolation {unknown}
 s - a scroll of enchant armour {unknown}
Potions
 f - a potion of cancellation {unknown}
 g - 2 potions of curing
 k - a potion of degeneration {unknown}
 m - 2 potions of agility {unknown}
 q - a potion of brilliance {unknown}
Comestibles
 b - 3 bread rations
 i - a royal jelly
 l - a chunk of flesh
 n - 2 meat rations
 o - a slice of pizza
 t - 5 fruits


   Skills:
 - Level 2.6(2.5) Fighting
 - Level 2.4(2.2) Dodging
 - Level 2.4(2.2) Stealth
 * Level 2.2(2.0) Shields
 + Level 6.0(5.8) Unarmed Combat


You had 4 spell levels left.
You didn't know any spells.

Dungeon Overview and Level Annotations

Branches:
Dungeon (3/15)

Altars:
Okawaru
Zin

Annotations:
D:3 Statics's ghost, amateur DsAs


Innate Abilities, Weirdness & Mutations

You have extremely sharp teeth.
Your natural rate of healing is unusually fast.
When hurt, damage is shared between your health and your magic reserves.
Your bite disrupts and absorbs the magic of your enemies.
Potions and wands cannot restore your health.
You are immune to rotting.


Message History

The orc priest hits you but does no damage.
You closely miss the orc priest.
The orc priest is lightly wounded.
An orc comes into view.
The orc shouts!
You hit the orc priest.
You bite the orc priest, but do no damage.
The orc priest is heavily wounded.
You block the orc priest's attack.
The orc priest calls down the wrath of Beogh upon you.
Beogh smites you! Zin protects you from harm!
Things that are here:
a scale mail; an orc corpse The orc priest casts a cantrip, but nothing happens.
Statics's ghost whispers, "Death doesn't hurt.
What you feel is life."
The orc priest invokes the aid of Beogh against you.
Beogh smites you!
Ouch! That really hurt!
You die...

# ## #. .. # #.
################o### #. #.
#.........@W.oo.o..#. #..#W
#.############.#.#....#...(
#.# #............. #.#
#.#.#....##.## #.#
#.....#.#....[ #.# ###
###.#..... #.# #.#..... #.#
........ #.# ........


You could see an orc priest, an orc wizard, Statics's ghost and 2 orcs.

Vanquished Creatures
  An orc priest (D:3)
  Robin (D:2)
  5 adders
  2 oozes
  4 worms
  A dart slug (D:1)
  3 giant geckos
  4 orcs (D:3)
  3 giant cockroaches
  15 goblins
  7 hobgoblins (D:2)
  6 kobolds
  8 bats
  2 giant newts
  5 rats
67 creatures vanquished.

Notes
Turn   | Place    | Note
--------------------------------------------------------------
     0 | D:1      | lightmor the Vine Stalker Monk began the quest for the Orb.
     0 | D:1      | Reached XP level 1. HP: 11/11 MP: 2/2
   148 | D:1      | Reached XP level 2. HP: 12/16 MP: 3/3
   681 | D:2      | Reached XP level 3. HP: 16/19 MP: 4/4
   715 | D:2      | Reached skill level 5 in Unarmed Combat
   766 | D:2      | Noticed Robin
   848 | D:2      | Killed Robin
   848 | D:2      | Reached XP level 4. HP: 11/23 MP: 3/5
   901 | D:2      | Found a glowing silver altar of Zin.
   916 | D:2      | Found a faded altar to an unknown god.
  1308 | D:2      | Became a worshipper of Zin the Law-Giver
  1308 | D:2      | Reached * piety under Zin
  1308 | D:2      | Reached ** piety under Zin
  1537 | D:3      | Found an iron altar of Okawaru.
  1551 | D:3      | Reached skill level 1 in Shields
  1551 | D:3      | Reached XP level 5. HP: 27/27 MP: 6/6
  1635 | D:3      | Reached skill level 6 in Unarmed Combat
  1698 | D:3      | Noticed Statics's ghost (amateur DsAs)
  2063 | D:3      | Zin protects you from harm!
  2066 | D:3      | Killed from afar by an orc priest

Skill      XL: |  1  2  3  4  5 |
---------------+----------------+-----
Unarmed Combat | 5 6 |  6.0
Shields        | 1 2 |  2.2
Fighting       | |  2.6
Dodging        | |  2.4
Stealth        | |  2.4

Action                   |  1- 3 |  4- 6 || total
-------------------------+-------+-------++-------
Melee: Unarmed           |   112 |   125 ||   237
       Bite              |    26 |    37 ||    63
       Punch             |     1 |     3 ||     4
Invok: Recite            |       |     2 ||     2
       Vitalisation      |       |     1 ||     1
  Use: Scroll            |     2 |       ||     2
 Stab: Sleeping          |     7 |     2 ||     9
  Eat: Chunk             |       |     4 ||     4
Armor: Robe              |    29 |     8 ||    37
Dodge: Dodged            |    84 |    57 ||   141
Block: Buckler           |       |    15 ||    15
